[Event "*** Titled Tuesday Blitz"]
[Site "Chess.com"]
[Date "2020.04.21"]
[Round "5"]
[White "Artem_Sadovsky"]
[Black "GHANDEEVAM2003"]
[Result "0-1"]
[WhiteElo "2552"]
[BlackElo "2883"]
[TimeControl "180+1"]
[EndTime "10:57:45 PDT"]
[Termination "GHANDEEVAM2003 won on time"]

1. Nf3 d6 2. g3 e5 3. Bg2 f5 4. O-O Nf6 5. d4 e4 6. Ne1 d5 7.
c4 c6 8. cxd5 cxd5 9. Nc3 Be7 10.
Nc2 O-O 11. Bf4 Nc6 12. Rc1 Be6 13. h4 Nh5 14. e3 Qe8 15. Nb5 Nxf4 16. exf4 Qd8 17.
Ne3 Qb6 18. Qb3 Rad8 19. Rfd1 a6 20. Nc3 Qxb3 21. axb3 Na5 22. Bf1 Nxb3 23. Ncxd5 Nxc1 24. Nxe7+ Kf7 25. N7xf5 Nd3 26. Bxd3 exd3 27. Rxd3 Kf6 28. g4 g6 29. Ng3 Kg7 30. f5 Bd7 31. d5 Rc8 32. h5 Rc5 33. hxg6 hxg6 34. Kg2 gxf5 35.
Ngxf5+ Kg6 36. Kg3 Rb5 37. b3 Rb4 38. Nd4 a5 39.
Nc4 Bb5 40. Ne5+ Kf6 41. Nxb5 Kxe5 42. Nd4 Rxd4 43. Rxd4 Kxd4 44. d6 b5 45. g5 a4 46.
bxa4 bxa4 47. f4 a3 48. Kg4 a2 49. g6 a1=Q 50. Kg5 Qg1+ 0-1

[Event "*** Titled Tuesday Blitz"]
[Site "Chess.com"]
[Date "2020.04.21"]
[Round "5"]
[White "Playgood28"]
[Black "HashtagChess"]
[Result "0-1"]
[WhiteElo "2184"]
[BlackElo "1661"]
[TimeControl "180+1"]
[EndTime "10:57:45 PDT"]
[Termination "HashtagChess won by resignation"]

1. d4 Nf6 2. c4 e6 3. Nc3 d5 4. Bg5 Be7 5. cxd5 Nxd5 6. Bxe7 Qxe7 7. e3 O-O 8. Nf3 Nxc3 9. bxc3 Rd8 10. Qb3 c5 11.
Be2 Nc6 12. O-O b6 13. Rfd1 Bb7 14. Qa3 cxd4 15. Qxe7 Nxe7 16. cxd4 Rac8 17. Rdc1 Nd5 18. Ne5 f6 19. Nd3 Nc3 20. Bf3 Bxf3 21. gxf3 Ne2+ 22. Kf1 Nxc1 23. Nxc1 Rc2 24. Nd3 Rdc8 25. a4 Rd2 26.
Nf4 Rcc2 27. a5 Rxf2+ 28. Kg1 e5 29. dxe5 fxe5 30. axb6 axb6 31. Ne6 Kf7 32. Ng5+ Kg6 33. h4 Rg2+ 34. Kh1 Rh2+ 35. Kg1 Rxh4 36. Ne4 Rhh2 37. Rb1 Rhe2 38. Rxb6+ Kf7 39. Rb7+ Kf8 40. Kf1 Rxe3 41. Ng5 Ra3 42. Ne6+ Ke8 43. Nxg7+ Kd8 44. Ne6+ Kc8 45. Rb1 h5 46. Kg1 Rxf3 47. Re1 Rd3 48. Ng5 h4 49. Kf1 h3 50. Rxe5 Rd1+ 51. Re1 Rxe1+ 52. Kxe1 h2 53.
Kd1 h1=Q+ 54. Kxc2 Qg2+ 55. Kd3 Qxg5 56. Ke4 Kd7 57. Kd4 Ke6 58. Ke4 Qd5+ 59. Kf4 Qe5+ 60. Kf3 Kf6 61. Kg4 Qf5+ 62. Kg3 Kg5 63. Kg2 Qf4 64.
Kh3 Qg4+ 65. Kh2 Kf4 66. Kh1 Kf3 0-1

[Event "*** Titled Tuesday Blitz"]
[Site "Chess.com"]
[Date "2020.04.21"]
[Round "5"]
[White "Gordima"]
[Black "Fandorine"]
[Result "1-0"]
[WhiteElo "2731"]
[BlackElo "2879"]
[TimeControl "180+1"]
[EndTime "10:57:46 PDT"]
[Termination "Gordima won by resignation"]

1. c4 e5 2. g3 Nc6 3. Bg2 g6 4. Nc3 Bg7 5. d3 d6 6. Nf3 Nge7 7. O-O h6 8. Rb1 Be6 9. b4 Qd7 10. b5 Nd8 11. a4 O-O 12. Ba3 f5 13. Qc2 Nf7 14.
c5 Rac8 15. Nd2 b6 16. c6 Qd8 17.
e3 Re8 18. Bb4 h5 19. f4 d5 20. Qb3 exf4 21. gxf4 d4 22. Qxe6 dxc3 23. Nc4 a5 24. bxa6 Ra8 25. d4 c2 26. Rbc1 Rxa6 27. Rxc2 Rxa4 28. Bxe7 Qxe7 29. Qxg6 Qf6 30. Qxh5 Rxc4 31. Rxc4 Rxe3 32. Bd5 Kf8 33. Ra1 Nd6 34. Ra8+ Ke7 35. Rca4 Re1+ 36. Kf2 Rb1 37. Qe2+ Ne4+ 38. Bxe4 Qh4+ 39.
Kg2 Re1 40. Qf2 Qg4+ 41. Qg3 Qe2+ 42. Kh3 Qh5+ 43. Qh4+ Qxh4+ 44. Kxh4 Bf6+ 45. Kh5 fxe4 46. Kg6 Rg1+ 47. Kf5 e3 48. d5 Kd6 49. Kxf6 Kxd5 50. Re8 Kc5 51. Rae4 b5 52. Rxe3 b4 53. R8e5+ Kd4 54.
R5e4+ Kc5 55. Rb3 1-0

[Event "*** Titled Tuesday Blitz"]
[Site "Chess.com"]
[Date "2020.04.21"]
[Round "5"]
[White "Firegrizzly"]
[Black "Trankuilizer"]
[Result "0-1"]
[WhiteElo "2666"]
[BlackElo "2518"]
[TimeControl "180+1"]
[EndTime "10:57:46 PDT"]
[Termination "Trankuilizer won by resignation"]

1. d4 d5 2. Bf4 Nf6 3. e3 c5 4. c3 Nc6 5. Nf3 Qb6 6. Qb3 c4 7. Qc2 Bf5 8. Qc1 Nh5 9. Nbd2 Nxf4 10. exf4 g6 11. Be2 Bg7 12. O-O O-O 13. Re1 Rae8 14. b3 cxb3 15. axb3 Rc8 16. Qb2 Rfd8 17. b4 a6 18. Nb3 Na7 19. Nc5 Bf6 20. Bf1 Nb5 21. Ne5 h5 22. h3 h4 23. Red1 Nd6 24. Be2 Qc7 25. Bf3 b6 26. Nxa6 Qxc3 27. Qxc3 Rxc3 28. Bxd5 e6 29. Bf3 Nb5 30. d5 Rxf3 31. gxf3 exd5 32. Rac1 d4 33. Nc7 Nc3 34. Rd2 Kg7 35. Kg2 Rc8 36. Na6 g5 37. Rxd4 Ne2 38. Rxc8 Bxc8 39.
Rd6 Nxf4+ 40. Kh1 Bxe5 41. Rxb6 Bxh3 42. Nc5 Bg2+ 43. Kg1 Bxf3 44. Rb5 Ne2+ 45. Kf1 Bf4 46. Nd3 h3 47. Nxf4 gxf4 48. Rg5+ Kf6 49. Rg8 h2 50. Rh8 h1=Q+ 51. Rxh1 Bxh1 52. Kxe2 Ke5 53. Kd3 Kd5 54. Kc3 Be4 55. Kb3 Bd3 56. Kc3 Bb5 57. Kb3 f5 58. Kc3 Ke4 59. Kd2 Kd4 60. f3 Kc4 0-1

[Event "*** Titled Tuesday Blitz"]
[Site "Chess.com"]
[Date "2020.04.21"]
[Round "5"]
[White "dcann0n88"]
[Black "tonyq11"]
[Result "1/2-1/2"]
[WhiteElo "2402"]
[BlackElo "2247"]
[TimeControl "180+1"]
[EndTime "10:57:46 PDT"]
[Termination "Game drawn - insufficient material"]

1. e4 c5 2. Nf3 e6 3. d4 cxd4 4. Nxd4 Nc6 5. c4 Nf6 6. Nc3 Bb4 7. Nb5 O-O 8. a3 Be7 9. Be2 a6 10. Nd4 d5 11. exd5 exd5 12. O-O dxc4 13. Nxc6 bxc6 14. Bxc4 Bg4 15. Qc2 Qc7 16. h3 Bh5 17. Bg5 Rad8 18.
Bxa6 Qa5 19. Bxf6 Bxf6 20. Be2 Bg6 21. Qc1 Rfe8 22. Bf3 c5 23. Nd5 Bd4 24. b4 cxb4 25. axb4 Qxa1 26. Qxa1 Bxa1 27. Rxa1 Be4 28. Bxe4 Rxe4 29.
b5 Re5 30. Nc7 Rc5 31. b6 g6 32. Rb1 Rb8 33. Kh2 Rc6 34. Nd5 Rd6 35. Rb5 Kf8 36. Kg3 f5 37. Kf4 Rxd5 38. Rxd5 Rxb6 39. Rd7 Kg8 40. Kg5 Rb2 41. Kh6 Rxf2 42. Rg7+ Kf8 43. g3 Rh2 44. h4 Rh3 45. Rxh7 Rxg3 46. Ra7 f4 47. Ra4 f3 48. Rf4+ Kg8 49. h5 gxh5 50.
Kxh5 Rh3+ 51. Kg4 Rh7 52. Kxf3 Rg7 53. Ke4 Rf7 54. Rg4+ Rg7 55. Rh4 Rh7 56. Rf4 Rf7 57.
Rg4+ Rg7 58. Rh4 Rh7 59. Rxh7 Kxh7 1/2-1/2

[Event "*** Titled Tuesday Blitz"]
[Site "Chess.com"]
[Date "2020.04.21"]
[Round "5"]
[White "IAgrest"]
[Black "Pavalamalli"]
[Result "0-1"]
[WhiteElo "2261"]
[BlackElo "2151"]
[TimeControl "180+1"]
[EndTime "10:57:47 PDT"]
[Termination "Pavalamalli won on time"]

1. e4 c5 2. Nf3 e6 3. d4 cxd4 4. Nxd4 Nc6 5. Nc3 Qc7 6. Be3 a6 7. Qf3 Nf6 8. O-O-O Rb8 9. Be2 Bb4 10. Bf4 e5 11. Nxc6 bxc6 12. Bg3 Bxc3 13. Qxc3 d6 14.
Bd3 O-O 15. f4 exf4 16. Bxf4 Nd7 17. Bc4 Ne5 18. Bb3 Bg4 19. Rd2 Rbe8 20. h3 Bh5 21. g4 Bg6 22. Rhd1 Bxe4 23. Rxd6 Qe7 24. R6d4 Bf3 25. Rf1 Bg2 26. Rg1 Nf3 27. Rxg2 Nxd4 28. Qxd4 Qe1+ 29. Qd1 Qh4 30. Re2 Qxh3 31. Bd6 Rxe2 32.
Qxe2 Qh1+ 33. Kd2 Rd8 34. Bxf7+ Kh8 35. Qe7 Qh6+ 36. g5 Qxd6+ 37. Qxd6 Rxd6+ 38. Ke3 g6 39. Bc4 Kg7 40. Bxa6 h6 41. gxh6+ Kxh6 42. Bc8 g5 43. a4 Rd8 44. Bg4 Ra8 45. b3 Rb8 46. a5 Rb5 47. a6 Ra5 48. Be2 Kg6 49. b4 Ra2 0-1

[Event "*** Titled Tuesday Blitz"]
[Site "Chess.com"]
[Date "2020.04.21"]
[Round "5"]
[White "floplover"]
[Black "FearNoEvil12"]
[Result "1/2-1/2"]
[WhiteElo "2234"]
[BlackElo "2010"]
[TimeControl "180+1"]
[EndTime "10:57:47 PDT"]
[Termination "Game drawn by repetition"]

1. d4 b5 2. Nf3 a6 3. g3 Bb7 4.
Bg2 Nf6 5. O-O e6 6. a4 d6 7. c3 Nbd7 8. axb5 axb5 9. Rxa8 Qxa8 10. Na3 c6 11. Qd3 d5 12. Nc2 Bd6 13. Nd2 O-O 14. e4 dxe4 15. Nxe4 Nxe4 16. Qxe4 Nf6 17. Qf3 Rb8 18. Qe2 c5 19. Bxb7 Qxb7 20. dxc5 Bxc5 21. Be3 Bxe3 22. Qxe3 h6 23. Rd1 Nd5 24. Qd3 b4 25.
c4 b3 26. Na3 Nf6 27. Nb5 Qe4 28. Qxb3 Qe2 29. Qc3 Qxd1+ 30. Kg2 Nd5 31. Qe5 Rb7 32. Nd6 Rb3 33. cxd5 Qxd5+ 34. Qxd5 exd5 35. Nf5 Rxb2 36.
Ne7+ Kh7 37. Nxd5 f5 38. h4 g6 39. Nf4 Kg7 40. Kf3 Kf6 41. Ke3 g5 42. hxg5+ hxg5 43. Nh3 Rb3+ 44. Ke2 g4 45. Nf4 Ke5 46. Ng2 Ke4 47. Nh4 Rb2+ 48. Kf1 Ra2 49. Kg2 f4 50.
gxf4 Kxf4 51. Kg1 Kg5 52. Ng2 Rb2 53. Ne3 Re2 54. Kf1 Ra2 55. Kg1 Kf4 56. Ng2+ Kf3 57. Nh4+ Kf4 58. Ng2+ Ke4 59. Nh4 Kf4 60. Ng2+ 1/2-1/2

[Event "*** Titled Tuesday Blitz"]
[Site "Chess.com"]
[Date "2020.04.21"]
[Round "5"]
[White "exoticprincess"]
[Black "VerdeNotte"]
[Result "0-1"]
[WhiteElo "2850"]
[BlackElo "2742"]
[TimeControl "180+1"]
[EndTime "10:57:48 PDT"]
[Termination "VerdeNotte won by checkmate"]

1. d4 Nf6 2. Bg5 d5 3. e3 c5 4. dxc5 Ne4 5. Bh4 g5 6. Bg3 Bg7 7. c3 Nc6 8. Nd2 Nxc5 9. h4 g4 10. h5 Bf5 11. h6 Bf6 12. Bh4 e6 13. Bxf6 Qxf6 14. Nb3 Ne4 15. Qe2 g3 16. f3 Nf2 17.
Rh5 Bg6 18. Rh3 Bd3 19. Qd2 Nxh3 20. Nxh3 Bxf1 21. Kxf1 Qxh6 22. Rd1 O-O-O 23. Qe1 Rhg8 24. Nc1 e5 25. Nb3 e4 26. f4 Qh5 27. Qe2 Qxe2+ 28. Kxe2 f6 29. Kd2 b6 30. Rh1 Rg7 31. Ng1 Kd7 32.
Ne2 Ke6 33. Rh5 a5 34. a4 Rdd7 35. Rh3 Kd6 36. Nxg3 Kc7 37. Ke1 Rg8 38. Kf2 Rdg7 39. Nc1 b5 40. axb5 Na7 41. Nce2 Nxb5 42. Rh6 Rf7 43.
Nf5 Nd6 44. Nfd4 a4 45. Nc2 Nc4 46. Ned4 Nxb2 47. Nb5+ Kb6 48. Nd6 Nd3+ 49. Kf1 Rc7 50. Rxf6 Rg6 51. Nxe4+ Rxf6 52. Nxf6 Kc5 53. Ke2 Nc1+ 54.
Kd2 Nb3+ 55. Kd3 Rf7 56. Ng4 Rg7 57. Ne5 Rxg2 58. Nf3 Nc1# 0-1

[Event "*** Titled Tuesday Blitz"]
[Site "Chess.com"]
[Date "2020.04.21"]
[Round "5"]
[White "MITerryble"]
[Black "Maybe00"]
[Result "0-1"]
[WhiteElo "2841"]
[BlackElo "2650"]
[TimeControl "180+1"]
[EndTime "10:57:48 PDT"]
[Termination "Maybe00 won by resignation"]

1. Nf3 d5 2. d4 Nf6 3. c4 c6 4.
Nc3 e6 5. cxd5 exd5 6. Bg5 Be7 7. e3 Bf5 8. Qb3 Qb6 9. Nh4 Qxb3 10. axb3 Bc2 11.
b4 Bxb4 12. Bxf6 gxf6 13. Kd2 Bg6 14. Bd3 Nd7 15. Nf5 Nb6 16. h4 Nc4+ 17. Kc2 Nd6 18. Nxd6+ Bxd6 19. h5 Bxd3+ 20. Kxd3 Rg8 21. g3 Kd7 22.
Rh4 f5 23. Rhh1 h6 24. Ra2 Bb4 25. Ne2 Bd6 26. Rha1 a6 27. Nc3 Rae8 28. Rh1 Rg5 29. Raa1 Rg4 30. Ra2 Bb4 31. Ne2 Bd6 32. Raa1 Rg5 33.
Nc3 Ra8 34. Na4 Kc7 35. Nc3 a5 36. Rac1 Kd7 37. Na4 Ra6 38. Ra1 b5 39. Nc3 Rg8 40. Nb1 Bb4 41. Rh4 Rg4 42. Rh1 a4 43. b3 Rg8 44. Nc3 Bxc3 45. Kxc3 b4+ 46. Kb2 a3+ 47.
Ka2 Ra5 48. Rh4 Rg4 49. Rhh1 c5 50. dxc5 Rxc5 51. Rac1 Rxc1 52. Rxc1 Rg5 53. Rd1 Kd6 54. Rd4 Rg4 55. Rd1 d4 56. f3 Rxg3 57. Rxd4+ Kc5 58. Rc4+ Kb5 59. Rf4 Rg2+ 60. Ka1 Rg5 61. Rd4 Rxh5 62. Rd5+ Kc6 63. Ra5 Rh1+ 64. Ka2 h5 65.
Rxf5 Rh2+ 66. Ka1 h4 67. Rh5 Rb2 68. Rxh4 Rxb3 69. Rf4 Kb5 70. e4 Re3 71. Rxf7 Ka4 72. Rd7 Re1+ 0-1

[Event "*** Titled Tuesday Blitz"]
[Site "Chess.com"]
[Date "2020.04.21"]
[Round "5"]
[White "AvitalBor"]
[Black "Volodar_Murzin"]
[Result "0-1"]
[WhiteElo "2785"]
[BlackElo "2640"]
[TimeControl "180+1"]
[EndTime "10:57:48 PDT"]
[Termination "Volodar_Murzin won on time"]

1. Nf3 Nf6 2. d4 g6 3. Nbd2 Bg7 4. e4 d6 5. c3 O-O 6. Bd3 Nbd7 7. O-O e5 8. Re1 Re8 9. a4 Nf8 10. h3 Nh5 11.
Bf1 Be6 12. a5 c6 13. dxe5 dxe5 14. Nc4 Bxc4 15. Bxc4 Nf4 16. Qxd8 Rexd8 17. Be3 Nd3 18. Re2 Nf4 19. Rc2 N4e6 20. Rd2 Rxd2 21. Nxd2 a6 22. Bb3 Rd8 23. Nc4 Bf6 24. Kf1 Kg7 25. Rd1 Rxd1+ 26.
Bxd1 Bg5 27. Bxg5 Nxg5 28. f3 Nd7 29. Nd6 b5 30. b4 Ne6 31. Bb3 Kf6 32. c4 Nd4 33.
Ba2 Ke7 34. c5 f6 35. Bb1 Nf8 36. Ke1 Nfe6 37. Kf2 Nf4 38. g3 Nxh3+ 39. Kg2 Ng5 40. Ba2 Ngxf3 41. Bg8 Ne1+ 42. Kf1 Nd3 43. Bxh7 g5 44. Bf5 Nxb4 45. Bc8 Nb3 46. Nb7 Nd3 47. Nd6 Ndxc5 48. Nf5+ Kd8 0-1

[Event "*** Titled Tuesday Blitz"]
[Site "Chess.com"]
[Date "2020.04.21"]
[Round "5"]
[White "lukas_111111"]
[Black "Witik"]
[Result "1-0"]
[WhiteElo "2556"]
[BlackElo "2697"]
[TimeControl "180+1"]
[EndTime "10:57:48 PDT"]
[Termination "lukas_111111 won by resignation"]

1. e4 c6 2. d4 d5 3. Nd2 dxe4 4. Nxe4 Nf6 5. Nxf6+ exf6 6. c3 Bd6 7. Bd3 O-O 8. Ne2 Re8 9. Qc2 h5 10. Be3 Nd7 11.
O-O-O Nf8 12. h3 h4 13. Kb1 Be6 14. c4 b5 15. d5 cxd5 16. c5 Be5 17. f4 Bc7 18.
Bxb5 Bd7 19. c6 Bc8 20. Bf2 Ng6 21. f5 Ne7 22. Nd4 Be5 23. c7 Qd6 24. Bxe8 Bxd4 25. Bb5 Bxf5 26. Bd3 Bxd3 27. Rxd3 Bxf2 28. Qxf2 Qxc7 29.
Rc1 Qb7 30. Rdc3 Ng6 31. Rc7 Qa6 32. Qc2 Nf4 33. Qf5 g5 34. R7c6 Qd3+ 35. Qxd3 Nxd3 36.
Rc8+ Rxc8 37. Rxc8+ Kg7 38. Rc2 Nf4 39. b4 d4 40. a4 d3 41. Rd2 Kf8 42. Kb2 Ke7 43. Kc3 f5 44. Kd4 Kd6 45. b5 f6 46. a5 Kc7 47. Kc5 Ne6+ 48. Kc4 Nf4 49. Rb2 Kb7 50. Kd4 Kc7 51. Kc5 Kb7 52. Kd6 Ne2 53. Rd2 Nf4 54. Ke7 g4 55. Kxf6 g3 56. Kxf5 Nd5 57. Rxd3 1-0

[Event "*** Titled Tuesday Blitz"]
[Site "Chess.com"]
[Date "2020.04.21"]
[Round "5"]
[White "Andrei_Belozerov"]
[Black "JozefKneht"]
[Result "1-0"]
[WhiteElo "2608"]
[BlackElo "2433"]
[TimeControl "180+1"]
[EndTime "10:57:48 PDT"]
[Termination "Andrei_Belozerov won by resignation"]

1. e4 e5 2. Nf3 Nc6 3. Bb5 a6 4.
Ba4 Nf6 5. O-O Nxe4 6. d4 b5 7. Bb3 d5 8. dxe5 Be6 9. Nbd2 Nc5 10. c3 Be7 11. Bc2 Bg4 12. Re1 O-O 13. h3 Bh5 14.
Bf5 Bg6 15. Qc2 d4 16. cxd4 Nxd4 17. Nxd4 Qxd4 18. Nf3 Qc4 19. Bxg6 hxg6 20. Qxc4 bxc4 21. Be3 Nd3 22. Re2 Rab8 23. Bd4 Rfd8 24. Rc2 c5 25. Be3 Nxb2 26. Rb1 Nd1 27. Rxb8 Rxb8 28. Rxc4 Nxe3 29. fxe3 Rb1+ 30. Kh2 Rb4 31. Rc2 Ra4 32. Kg3 Ra3 33. Kf4 Kf8 34. Nd2 Ke8 35. Nc4 Ra4 36. Ke4 Kd7 37. Kd5 Rb4 38. Rb2 Kc7 39. a3 Rxb2 40.
Nxb2 Kb6 41. Nc4+ Kb5 42. Nd6+ Ka4 43. Kc4 Kxa3 44. Nxf7 a5 45. Nd6 a4 46. Nc8 Kb2 47. Nxe7 a3 48. Nd5 a2 49. e6 a1=Q 50. e7 Qa8 51. Kxc5 Qb8 52. Kc6 Qe8+ 53. Kd6 Qf7 54. Nc7 Qf6+ 55. Kd7 Qf7 56. Kd8 Qf6 57. e4 Kc2 58. e5 Qg5 59. e6 Kd3 60. Kd7 1-0

[Event "*** Titled Tuesday Blitz"]
[Site "Chess.com"]
[Date "2020.04.21"]
[Round "5"]
[White "Gubajdullin"]
[Black "dukicz123"]
[Result "1-0"]
[WhiteElo "2440"]
[BlackElo "2582"]
[TimeControl "180+1"]
[EndTime "10:57:48 PDT"]
[Termination "Gubajdullin won on time"]

1. d4 Nf6 2. Bf4 g6 3. e3 Bg7 4. Nf3 O-O 5. Be2 c5 6. O-O d6 7. dxc5 dxc5 8. Qxd8 Rxd8 9. Nc3 Nc6 10. Rfd1 Bf5 11.
Ne1 Nb4 12. Bf3 Nxc2 13. Nxc2 Bxc2 14. Rdc1 Rd2 15. e4 Rad8 16. e5 Nh5 17. Bxd2 Rxd2 18.
Be4 Bxe4 19. Nxe4 Rd4 20. Nxc5 b6 21. Nb3 Rd8 22. Re1 Nf4 23. Rad1 Nd5 24. e6 Bxb2 25. Re2 Bg7 26. g3 Rd6 27. exf7+ Kxf7 28. Red2 e6 29. Rc1 Ke7 30. Nd4 Bxd4 31. Rxd4 b5 32. g4 Rb6 33.
g5 Kd6 34. Rh4 Rb7 35. Re4 b4 36. Rc2 a5 37. h4 Nc3 38. Rc4 Nd5 39. Rc6+ Ke5 40.
Ra6 Rb5 41. Re2+ Kf4 42. Raxe6 Nc3 43. Rd2 a4 44. Rd4+ Kf5 45. Re3 b3 46. axb3 axb3 47. Rxc3 b2 48. Rd1 b1=Q 49. Rxb1 Rxb1+ 50. Kg2 Kg4 51. Rc4+ Kh5 52. f3 Rc1 53. Rxc1 1-0

[Event "*** Titled Tuesday Blitz"]
[Site "Chess.com"]
[Date "2020.04.21"]
[Round "5"]
[White "algatar2020"]
[Black "Berant"]
[Result "1-0"]
[WhiteElo "1956"]
[BlackElo "2311"]
[TimeControl "180+1"]
[EndTime "10:57:48 PDT"]
[Termination "algatar2020 won by checkmate"]

1. d4 Nf6 2. Nf3 e6 3. Bf4 d5 4. e3 c5 5. c3 Nc6 6. Nbd2 Bd6 7. Bg3 O-O 8. Bd3 cxd4 9. exd4 Qc7 10. Qe2 Re8 11.
O-O-O e5 12. dxe5 Nxe5 13. Nxe5 Bxe5 14. Qf1 Bd7 15. Kb1 Rac8 16. Nf3 Bxg3 17. hxg3 Ne4 18. Nd2 Bf5 19. Nxe4 Bxe4 20. f3 Bg6 21. g4 Qf4 22. Qf2 Re3 23. Bxg6 hxg6 24. Rxd5 Rce8 25. Rd2 g5 26. g3 Qf6 27. f4 gxf4 28. gxf4 Qg6+ 29.
Kc1 Qe4 30. Qh4 Kf8 31. Rd7 Qxh1+ 32. Qxh1 Re1+ 33. Qxe1 Rxe1+ 34. Kd2 Rf1 35. Ke3 Rg1 36. Rxb7 Rxg4 37. Rxa7 f5 38. a4 Rg3+ 39. Kf2 Rd3 40.
Rb7 Rd5 41. b4 Rd3 42. Rc7 g5 43. fxg5 f4 44. g6 Kg8 45. a5 Kh8 46. a6 Kg8 47.
a7 Rd8 48. b5 f3 49. b6 Kh8 50.
b7 Rg8 51. b8=Q Rxb8 52. axb8=Q# 1-0

[Event "*** Titled Tuesday Blitz"]
[Site "Chess.com"]
[Date "2020.04.21"]
[Round "5"]
[White "S2PAc"]
[Black "mishanick"]
[Result "1/2-1/2"]
[WhiteElo "2789"]
[BlackElo "3051"]
[TimeControl "180+1"]
[EndTime "10:57:49 PDT"]
[Termination "Game drawn by repetition"]

1. d4 Nf6 2. g3 d5 3. Bg2 c6 4. Nf3 Bf5 5. O-O e6 6. c4 Nbd7 7. Nc3 h6 8. Qb3 Qb6 9. c5 Qxb3 10. axb3 a6 11. b4 Rc8 12. Nd2 Be7 13. Nb3 Bd8 14. Bf4 O-O 15. Bd6 Re8 16. f4 Ne4 17. Bxe4 Bxe4 18. Na5 Bxa5 19. bxa5 Bh7 20. Ra4 Ra8 21. Rb4 Ra7 22. Ra1 f6 23. Rd1 e5 24. e3 exf4 25. exf4 Kf7 26. Kf2 Nf8 27. Bxf8 Kxf8 28. Re1 Rd8 29. Re3 Rd7 30. g4 Ra8 31. f5 g6 32. fxg6 Bxg6 33. Ne2 Bc2 34. Ng3 Re8 35. Rxe8+ Kxe8 36. Ke2 Rg7 37. Kd2 Be4 38.
Ke3 Rxg4 39. Rxb7 f5 40. Ne2 Rh4 41. b4 Rh3+ 42. Kf4 Rxh2 43. Ng3 Bd3 44. Ke5 Rh3 45. Ke6 Kd8 46. Kd6 Ke8 47. Ke6 Kd8 48. Kd6 Kc8 49. Rc7+ Kb8 50. Rg7 f4 51. Rg8+ Kb7 52. Rg7+ Kb8 53.
Rg8+ Ka7 54. Rg7+ Kb8 1/2-1/2

[Event "*** Titled Tuesday Blitz"]
[Site "Chess.com"]
[Date "2020.04.21"]
[Round "5"]
[White "Maitreia"]
[Black "KinKaiser"]
[Result "0-1"]
[WhiteElo "2675"]
[BlackElo "2487"]
[TimeControl "180+1"]
[EndTime "10:57:49 PDT"]
[Termination "KinKaiser won by resignation"]

1. c4 c6 2. g3 d5 3. Bg2 Nf6 4. Nf3 Bf5 5. O-O e6 6. b3 Nbd7 7. Bb2 h6 8. d3 Be7 9. Nbd2 Bh7 10. a3 a5 11. Qc2 O-O 12. Bc3 Re8 13. Qb2 Bf8 14.
b4 axb4 15. axb4 Rxa1 16. Rxa1 Qb6 17. c5 Qc7 18. Ne5 b6 19. cxb6 Qxb6 20. Rb1 Rb8 21.
Bd4 c5 22. bxc5 Qxb2 23. Rxb2 Rxb2 24. Bxb2 Nxc5 25. Ndf3 Na4 26. Bd4 Nc5 27. Bxc5 Bxc5 28. Bf1 Bd6 29. d4 Ne4 30. e3 Ng5 31. Nxg5 hxg5 32.
f4 gxf4 33. exf4 Ba3 34. Kf2 f6 35. Nf3 Be4 36. Nd2 Bc2 37. Ke3 Kf7 38. Bd3 Ba4 39. f5 e5 40. dxe5 fxe5 41. g4 Bc5+ 42. Ke2 e4 43.
Ba6 Kf6 44. h4 Ke5 45. h5 Be7 46. Bc8 Bg5 47. Bb7 Bb5+ 48. Ke1 Kd4 49. Nb3+ Ke5 50.
Nc5 Be3 51. Ba6 Bxa6 52. Nxa6 d4 53. Nc5 Bg5 54. Nd7+ Kf4 55. Nf8 Kxg4 56. Ne6 d3 57.
Nxg7 e3 58. h6 Bxh6 59. f6 Kf3 60. Nf5 Bf8 61. Nd4+ Ke4 62. Nc6 e2 63. Kd2 Bh6+ 64. Ke1 Ke3 0-1

[Event "*** Titled Tuesday Blitz"]
[Site "Chess.com"]
[Date "2020.04.21"]
[Round "5"]
[White "HanSchut"]
[Black "kleopl"]
[Result "1-0"]
[WhiteElo "2272"]
[BlackElo "2449"]
[TimeControl "180+1"]
[EndTime "10:57:49 PDT"]
[Termination "HanSchut won by resignation"]

1. e4 d5 2. exd5 Qxd5 3. Nc3 Qd6 4. d4 Nf6 5. Nf3 c6 6. Ne5 Nbd7 7. f4 g6 8. Bc4 e6 9. Be3 Bg7 10. Qe2 Nb6 11. Bd3 Nbd5 12. Bd2 Nb4 13. Be4 Qxd4 14.
O-O-O Nxa2+ 15. Nxa2 Qxe4 16. Qf2 O-O 17. Nc3 Qb4 18.
Kb1 Qe7 19. g4 c5 20. g5 Nd5 21. Ne4 b6 22. c4 Nc7 23. Ng4 Bb7 24. Nef6+ Bxf6 25. Nxf6+ Kg7 26. Bc3 Bxh1 27. Nd5+ f6 28. gxf6+ Rxf6 29. Nxe7 Be4+ 30. Ka1 Rf8 31. Qh4 Ne8 32. Rd7 Rf7 33. Rxa7 Kf8 34. Bxf6 Nxf6 35. Nc8 Rxa7+ 36. Nxa7 Kf7 37. Nb5 Bd3 38. Nd6+ Ke7 39. Ne8 Kxe8 40. Qxf6 Bxc4 41. Qh8+ Ke7 42. Qxh7+ Kf6 43.
Qh4+ Kf7 44. Qg5 Bd5 45. h4 b5 46. Kb1 b4 47. Kc2 c4 48. Kd2 Kg7 49. h5 Be4 50. Qe7+ Kh6 51. Qxe6 Bf5 52. Qxc4 Kxh5 53. Qxb4 Kg4 54. Qd4 Kf3 55. b4 Bc8 56. b5 Bb7 57. Qe3+ Kg4 58. Kc3 Kf5 59. Kd4 1-0

[Event "*** Titled Tuesday Blitz"]
[Site "Chess.com"]
[Date "2020.04.21"]
[Round "5"]
[White "Pomegranate988"]
[Black "ElHelvetico"]
[Result "1/2-1/2"]
[WhiteElo "2492"]
[BlackElo "2644"]
[TimeControl "180+1"]
[EndTime "10:57:50 PDT"]
[Termination "Game drawn by agreement"]

1. d4 f5 2. c4 Nf6 3. Nf3 g6 4. g3 Bg7 5. Bg2 O-O 6. O-O d6 7. b4 Nc6 8. Qb3 e5 9. Bb2 e4 10. Ng5 h6 11. Nh3 g5 12. f3 exf3 13. exf3 f4 14. Nd2 Nh5 15. g4 Nxd4 16. Qd3 Ne2+ 17.
Qxe2 Bxb2 18. gxh5 Bxa1 19. Rxa1 Qf6 20. Re1 Bf5 21.
Ne4 Qd4+ 22. Nhf2 Rae8 23. Qd3 Qxd3 24. Nxd3 Bxe4 25. fxe4 g4 26. Kf2 f3 27. Bf1 Re7 28.
h3 Rg7 29. hxg4 Rxg4 30. Re3 Rh4 31. Rxf3 Rxe4 32. Rxf8+ Kxf8 33. Ne1 Rf4+ 34. Kg2 Rd4 35. Bd3 d5 36. cxd5 Rxd5 37. Be4 Rd2+ 38. Kf3 c6 39. a4 Ke7 40. b5 Rh2 41. bxc6 bxc6 42. Bxc6 Rxh5 43.
Ng2 Kd6 44. Bb5 Rc5 45. Nf4 Rc3+ 46. Ke4 Kc5 47. Ne6+ Kb6 48. Nf4 Rc1 49. Kf5 a6 50. Be8 Re1 51. Bd7 Rd1 52. Be8 Rd4 53. Ne6 Rd5+ 54.
Ke4 Ra5 55. Nf4 Rg5 56. Nd5+ Kc5 57. Nf4 Kb4 58. Nd5+ Ka3 59. Nc7 a5 60. Ne6 Rg4+ 61. Kf5 Rxa4 62. Bxa4 Kxa4 63. Nd4 Kb4 64. Nc6+ Kb5 65.
Nxa5 Kxa5 66. Kg6 Kb5 1/2-1/2

[Event "*** Titled Tuesday Blitz"]
[Site "Chess.com"]
[Date "2020.04.21"]
[Round "5"]
[White "whogeeyao"]
[Black "GodDMuhammad"]
[Result "1-0"]
[WhiteElo "2361"]
[BlackElo "2179"]
[TimeControl "180+1"]
[EndTime "10:57:51 PDT"]
[Termination "whogeeyao won on time"]

1. e4 c6 2. Bc4 d5 3. Bb3 dxe4 4. Qh5 e6 5. Nc3 Nf6 6. Qh4 Be7 7. Nxe4 Nbd7 8. d4 O-O 9. Nf3 b6 10. Nfg5 h6 11.
Nf3 Re8 12. c3 Nf8 13. O-O Ng6 14. Nxf6+ Bxf6 15. Qe4 Bb7 16. Be3 Qc7 17. Qg4 Rad8 18. Bc2 Nf8 19. Bxh6 c5 20. Bf4 Qc6 21. Be5 Nd7 22. Qh3 cxd4 23. Nxd4 Qxg2+ 24. Qxg2 Bxg2 25. Bxf6 Bxf1 26. Bxd8 Bh3 27. Bh4 e5 28. Bf5 exd4 29. Bxh3 Ne5 30. Bg2 d3 31. Rd1 f6 32. f4 Ng6 33.
Bg3 Rd8 34. c4 Ne7 35. Kf2 Nf5 36. Bf1 d2 37. Be2 Ne7 38. Bf3 Nf5 39. Bd5+ Kf8 40.
Rxd2 Ne7 41. Kf3 Rc8 42. b3 Rc7 43. Bf2 g5 44. Be6 gxf4 45. Kxf4 Kg7 46. Be3 Ng6+ 47. Ke4 Ne5 48. Rg2+ Kf8 49. Rg8+ Ke7 50. Bd5 Rd7 51. Rg7+ Kd6 52. Rxd7+ Nxd7 53. h4 Nf8 54. Kf5 Ke7 55. h5 Ke8 56. h6 Ke7 57. Bg8 Ke8 58. Bd2 Ke7 59. h7 Ke8 60. h8=Q Nd7 61. Be6+ Ke7 62. Bb4+ 1-0

[Event "*** Titled Tuesday Blitz"]
[Site "Chess.com"]
[Date "2020.04.21"]
[Round "5"]
[White "Noghay"]
[Black "Oligan22"]
[Result "1-0"]
[WhiteElo "2597"]
[BlackElo "2423"]
[TimeControl "180+1"]
[EndTime "10:57:52 PDT"]
[Termination "Noghay won by resignation"]

1. Nf3 d5 2. g3 Bg4 3. Bg2 c6 4. O-O Nd7 5. d3 e6 6. Nbd2 Bd6 7. h3 Bh5 8. e4 Ne7 9. Qe2 O-O 10. Re1 Qb6 11. c3 Bxg3 12. d4 Bb8 13. b3 dxe4 14. Nxe4 Nd5 15. c4 Nf4 16. Bxf4 Bxf4 17.
Rad1 Rae8 18. Kh1 h6 19. Ng3 Bg6 20. Nh4 Bh7 21. Qg4 Bg5 22. Nh5 f5 23. Qg3 f4 24.
Qg4 Qd8 25. Rxe6 f3 26. Nxf3 Bf5 27. Rxe8 Qxe8 28. Nxg7 Bxg4 29. Nxe8 Bxf3 30. Bxf3 Rxf3 31. Re1 Rxh3+ 32. Kg2 Rc3 33. Nd6 Rc2 34. Re8+ Kg7 35. Kf3 b5 36. c5 Nf6 37. Rc8 Rc3+ 38. Kg2 Rd3 39. Rxc6 Kg6 40. Nxb5 Kf5 41. Nd6+ Kg4 42. Nb5 Rd2 43. Re6 Nd5 44. Re4+ Nf4+ 45. Rxf4+ Bxf4 46. c6 Rc2 47. d5 Be3 48. c7 Rxf2+ 49. Kh1 Rc2 50.
d6 Bf4 51. d7 Kh3 52. c8=Q Rh2+ 53. Kg1 Be3+ 54. Kf1 Rf2+ 55. Ke1 Kg2 56. d8=Q 1-0